 Dungeon Crawl Stone Soup version 0.28-a0-1152-g9c71ebef14 (webtiles) character file.

Game seed: 4737616902786237820

2212 siradein the Stinger (level 9, -1/62 HPs)
             Began as a White Draconian Venom Mage on Dec 14, 2021.
             Was an Initiate of Yredelemnul.
             Slain by a wraith (9 damage)
             ... on level 5 of the Dungeon.
             The game lasted 00:44:03 (8536 turns).

siradein the Stinger (White Draconian Venom Mage)   Turns: 8536, Time: 00:44:04

Health: -1/62      AC:  9    Str: 11    XL:     9   Next: 13%
Magic:  16/17      EV: 13    Int: 26    God:    Yredelemnul [......]
Gold:   239        SH:  5    Dex: 11    Spells: 8/18 levels left

rFire   . . .      SeeInvis .   A - +2 mace (vorpal)
rCold   + . .      Faith    .   (no shield)
rNeg    + . .      Spirit   .   (armour unavailable)
rPois   .          Reflect  +   (helmet restricted)
rElec   .          Harm     .   (no cloak)
rCorr   .          Rampage  .   n - +0 pair of gloves
Will    .....                   z - +0 pair of boots
Stlth   ++........              s - amulet of reflection
HPRegen 0.20/turn               q - +6 ring of intelligence
MPRegen 0.15/turn               r - ring of positive energy

@: slowed, very slow
A: breathe frost, AC +7, unfitting armour, cold resistance 1, cold-blooded
a: Breathe Frost, Renounce Religion, Recall Undead Harvest


You were on level 5 of the Dungeon.
You worshipped Yredelemnul.
Yredelemnul was noncommittal.
You visited 2 branches of the dungeon, and saw 7 of its levels.

You collected 239 gold pieces.

Inventory:

Hand Weapons
 l - a +0 dagger of venom
 o - a +2 vampiric dagger
 A - a +2 vorpal mace (weapon)
Armour
 n - a +0 pair of gloves (worn)
 z - a +0 pair of boots (worn)
Magical Staves
 v - a staff of air
 w - a staff of fire
Jewellery
 q - a +6 ring of intelligence (left hand)
 r - a ring of positive energy (right hand)
 s - an amulet of reflection (around neck)
 B - a ring of flight
Wands
 x - a wand of iceblast (5)
Scrolls
 a - a scroll of enchant armour {unknown}
 d - a scroll of teleportation {unknown}
 e - 6 scrolls of identify {unknown}
 g - 4 scrolls of noise {unknown}
 i - a scroll of magic mapping {unknown}
 p - 2 scrolls of immolation {unknown}
 u - a scroll of fog {unknown}
 y - a scroll of torment {unknown}
 D - a scroll of acquirement {unknown}
Potions
 b - a potion of haste {unknown}
 c - 4 potions of flight {unknown}
 f - 2 potions of magic {unknown}
 h - a potion of lignification {unknown}
 j - a potion of attraction {unknown}
 k - 3 potions of mutation {unknown}
 m - a potion of ambrosia {unknown}
 t - 2 potions of berserk rage {unknown}
 C - a potion of cancellation {unknown}


   Skills:
 + Level 2.8 Staves
 + Level 5.4 Dodging
 - Level 1.7 Stealth
 + Level 5.4 Spellcasting
 + Level 5.6 Transmutations
 + Level 6.3 Poison Magic
 + Level 2.9 Evocations


You had 8 spell levels left.
You knew the following spells:

 Your Spells              Type           Power      Damage    Failure   Level
a - Sting                 Tmut/Pois      100%       1d8       1%          1
b - Poisonous Vapours     Pois/Air       46%        N/A       3%          2
c - Mephitic Cloud        Conj/Pois/Air  18%        N/A       10%         3
d - Olgreb's Toxic Radia  Pois           40%        N/A       5%          4

Your spell library contained the following spells:

 Spells                   Type           Power      Damage    Failure   Level
 Ensorcelled Hibernation  Hex/Ice        14%        N/A       11%         2
 Stone Arrow              Conj/Erth      14%        3d7       22%         3
 Tukima's Dance           Hex            7%         N/A       22%         3
 Fireball                 Conj/Fire      3%         3d4       90%         5
 Iskenderun's Battlesphe  Conj           7%         2d6       90%         5
 Conjure Ball Lightning   Conj/Air       3%         3x3d6     100%        6
 Orb of Destruction       Conj           3%         9d1       100%        7
 Borgnjor's Revivificati  Necr           3%         N/A       100%        8
 Lehudib's Crystal Spear  Conj/Erth      3%         10d3      100%        8
 Necromutation            Tmut/Necr      10%        N/A       100%        8
 Death's Door             Necr           3%         N/A       100%        9
 Animate Armour           Summ/Erth      Unusable   N/A       N/A         4

Dungeon Overview and Level Annotations

Branches:
Dungeon (6/15)             Temple (1/1) D:4

Altars:
Ashenzari
Cheibriados
Dithmenos
Fedhas
Gozag
Hepliaklqana
Makhleb
Ru
Sif Muna
Trog
Uskayaw
Wu Jian
Xom
Yredelemnul
Zin
The Shining One

Shops:
D:2 [   D:3 [


Innate Abilities, Weirdness & Mutations

You can breathe waves of freezing cold which knock back foes.
Your icy white scales are hard. (AC +7)
You cannot fit into any form of body armour.
Your flesh is cold resistant. (rC+)
You are cold-blooded and may be slowed by cold attacks.


Message History

The wraith misses you. The wraith hits you but does no damage.
You barely miss the wraith.
The wraith is severely damaged.
The wraith hits you but does no damage. The wraith closely misses you.
You hit the wraith.
The wraith is almost destroyed.
The wraith hits you but does no damage. You block the wraith's attack.
You completely miss the wraith.
You tail-slap the wraith, but do no damage.
The wraith is almost destroyed.
You block the wraith's attack. The wraith hits you.
The wraith drains your vigour!
You feel as though you will be slow longer.
You hit the wraith but do no damage.
The wraith is almost destroyed.
The wraith hits you!
* * * LOW HITPOINT WARNING * * *
The wraith drains your vigour!
You feel as though you will be slow longer.
The wraith hits you but does no damage.
You barely miss the wraith.
The wraith is almost destroyed.
You have got your breath back.
The wraith hits you but does no damage. The wraith hits you.
* * * LOW HITPOINT WARNING * * *
You hit the wraith but do no damage.
The wraith is almost destroyed.
The wraith hits you.
* * * LOW HITPOINT WARNING * * *
The wraith drains your vigour!
You feel as though you will be slow longer.
The wraith closely misses you.
Casting: Olgreb's Toxic Radiance (dangerous; 5% risk of failure)
Confirm with . or Enter, or press ? or * to list all spells.
Aiming: Sting (safe; 1% risk of failure)
Press: ? - help, Shift-Dir - straight line, f/p - wraith
Aim: a wraith (almost destroyed, 78% to hit)
The sting misses the wraith.
The wraith hits you!
You die...
Your body rises from the dead as a mindless zombie.

#.#####..# #.......# ##.###.#.#
#######.# ##.#.##.# #)# ##.###.#
#.# ########.## #########.##
......#...####### #<.......#..
................# #.#######.##
##.##..###.#.##.######.#######.##
#.#...# #.#....@W.............##
#.#...###)#..#.>###############.
##.#..#...##..#..# ##########.
.......).>.......## #..........
..##............#.# #.########.
..##..###.###.#..## #.# #.
..##..# #.# #.#.## #.# #. ......#
#.###.#.#######.# #.
......###.........^.)>..# #.


You could see a wraith.

Vanquished Creatures
  Pikel (D:5)
  A steam dragon (D:6)
  2 sky beasts (D:5)
  A necrophage (D:4)
  An ice beast (D:5)
  A black bear (D:4)
  2 ogres
  A lemure (D:5)
  A bullfrog (D:5)
  2 scorpions (D:5)
  A howler monkey (D:5)
  3 centaur zombies (D:5)
  A jelly (D:4)
  3 hounds
  An orc priest (D:5)
  A centaur skeleton (D:6)
  2 scorpion zombies (D:5)
  3 iguanas
  An orc wizard (D:3)
  Natasha (thrice) (D:2)
  A killer bee zombie (D:6)
  A hound skeleton (D:4)
  A howler monkey zombie (D:5)
  6 adders
  4 gnolls (D:5)
  A shadow imp (D:5)
  A white imp (D:5)
  An adder skeleton (D:4)
  An adder zombie (D:4)
  2 worms (D:3)
  3 dart slugs
  10 orcs
  6 ball pythons
  3 endoplasms
  2 giant cockroaches
  6 goblins
  13 hobgoblins
  4 jackals
  7 quokkas
  10 bats
  6 frilled lizards
  9 kobolds
  3 rats (D:2)
133 creatures vanquished.

Notes
Turn   | Place    | Note
-------+----------+-------------------------------------------
     0 | D:1      | siradein the Draconian Venom Mage began the quest for the
                  | Orb.
     0 | D:1      | Reached XP level 1. HP: 14/14 MP: 3/3
   577 | D:1      | Reached XP level 2. HP: 20/20 MP: 5/5
   580 | D:1      | Learned a level 2 spell: Poisonous Vapours
  1184 | D:1      | Reached XP level 3. HP: 26/26 MP: 3/6
  1188 | D:1      | Learned a level 3 spell: Mephitic Cloud
  1800 | D:2      | Found a faded altar of an unknown god.
  2295 | D:2      | Reached XP level 4. HP: 31/33 MP: 4/7
  2468 | D:2      | Noticed Natasha
  2480 | D:2      | Killed Natasha
  2745 | D:2      | Found Macwonem's Antique Armour Boutique.
  2974 | D:2      | Noticed Natasha
  2997 | D:2      | Killed Natasha
  3276 | D:2      | Noticed Natasha
  3286 | D:2      | Killed Natasha
  3287 | D:2      | Reached XP level 5. HP: 23/38 MP: 3/9
  3543 | D:3      | Found Cint's Antique Armour Shoppe.
  3662 | D:3      | Found a sacrificial altar of Ru.
  3674 | D:3      | Reached skill level 4 in Poison Magic
  4242 | D:4      | Noticed a black bear
  4256 | D:4      | Killed a black bear
  4257 | D:4      | Reached XP level 6. HP: 32/45 MP: 5/11
  4526 | D:4      | Found a glowing golden altar of the Shining One.
  4598 | D:4      | You fall into a shaft and drop 1 floor!
  4598 | D:5      | Entered Level 5 of the Dungeon
  5628 | D:4      | Your scales start taking on an icy white colour.
  5628 | D:4      | Reached XP level 7. HP: 39/50 MP: 8/12
  5628 | D:4      | Gained mutation: Your flesh is cold resistant. (rC+) [White
                  | Draconian growth]
  5635 | D:4      | Learned a level 4 spell: Olgreb's Toxic Radiance
  5842 | D:5      | Reached skill level 5 in Poison Magic
  6467 | D:5      | Reached XP level 8. HP: 54/57 MP: 14/14
  7215 | D:5      | Noticed Pikel
  7218 | D:5      | Reached skill level 1 in Staves
  7249 | D:5      | Killed Pikel
  7250 | D:5      | Reached skill level 5 in Dodging
  7250 | D:5      | Reached skill level 5 in Spellcasting
  7250 | D:5      | Reached skill level 5 in Transmutations
  7250 | D:5      | Reached skill level 6 in Poison Magic
  7519 | D:5      | Found a hide-covered altar of Uskayaw.
  7745 | D:6      | Reached XP level 9. HP: 35/62 MP: 10/17
  8278 | D:4      | Found a staircase to the Ecumenical Temple.
  8282 | Temple   | Entered the Ecumenical Temple
  8290 | Temple   | Became a worshipper of Yredelemnul the Dark
  8536 | D:5      | Slain by a wraith

Illustrated notes

Levels and vault maps discovered:
D:1:      minmay_arrival_four_circles, layout_basic
D:2:      minmay_general_purpose_star, layout_basic,
          ebering_ecumenical_altar_ruins, serial_shops, nicolae_lakefront_shop,
          minmay_pentomino_v4, uniq_natasha
D:3:      layout_basic, nicolae_ru_great_annihilating_truth, serial_shops,
          nicolae_shop_overgrown_old_shop, grunt_decor_arrowhead
D:4:      minmay_chambers_of_fours, layout_layer_cave,
          nicolae_tso_carved_into_rock, temple_hall_moat
D:5:      layout_loops_ring, nicolae_uskayaw_murder_on_the_dancefloor,
          minmay_fractal_squares_5, uniq_pikel
D:6:      layout_cave_pools, serial_shops, shop, minmay_misc_feat_chi
Temple:   cyrus_circular_temple

Skill      XL: |  1  2  3  4  5  6  7  8 |
---------------+-------------------------+-----
Dodging        | 2 3 4 5 |  5.4
Transmutations | 2 3 4 5 |  5.6
Spellcasting   | 3 4 5 |  5.4
Poison Magic   | 4 5 6 |  6.3
Staves         | 2 |  2.8
Evocations     | 2 |  2.9
Stealth        | |  1.7

Action                   |  1- 3 |  4- 6 |  7- 9 || total
-------------------------+-------+-------+-------++-------
Melee: Mace              |    39 |       |    77 ||   116
       Tailslap          |     8 |     9 |    28 ||    45
       Morningstar       |    23 |    18 |    24 ||    65
       Dagger            |     2 |    90 |    93 ||   185
       Staff             |       |       |    47 ||    47
 Cast: Sting             |    52 |    50 |    14 ||   116
       Poisonous Vapours |     3 |    10 |       ||    13
       Mephitic Cloud    |       |     1 |     4 ||     5
       Olgreb's Toxic Ra |       |       |    21 ||    21
 Abil: Breathe Frost     |       |       |     8 ||     8
 Stab: Sleeping          |       |     1 |     2 ||     3
Armor: Skin              |    40 |    42 |   144 ||   226
Dodge: Dodged            |    60 |    74 |   190 ||   324
Block: Other             |       |       |    50 ||    50

Table legend: (Time is in decaauts)
 A = Elapsed time spent in this place.
 B = Non-inter-level travel time spent in this place.
 C = Inter-level travel time spent in this place.
 D = Time resting spent in this place.
 E = Time spent auto-exploring this place.
 F = Levels seen in this place.
 G = Mean time per level.
                   A        B        C        D        E       F      G
               +--------+--------+--------+--------+--------+-----+--------+
         Total |   8645 |   8419 |    226 |    564 |   6026 |   7 | 1235.0 |
       Dungeon |   8595 |   8379 |    216 |    564 |   6000 |   6 | 1432.5 |
        Temple |     49 |     39 |     10 |      0 |     26 |   1 |   49.0 |
               +--------+--------+--------+--------+--------+-----+--------+

Top non-repeatable levels by time:
     D:5: 2007 daAuts
     D:4: 1896 daAuts
     D:2: 1894 daAuts
     D:1: 1483 daAuts
     D:3: 1185 daAuts
     D:6: 127 daAuts
  Temple: 49 daAuts
